 Dungeon Crawl Stone Soup version 0.31-a0-839-g762be4b (webtiles) character file.

Game seed: 10331266921738712579

1154 BarneyGumball the Tainter (level 8, 0/65 (72) HPs)
             Began as a Naga Venom Mage on Sept 26, 2023.
             Was an Initiate of Gozag.
             Slain by a wight
             ... wielding a +4 battleaxe
              (7 damage)
             ... on level 6 of the Dungeon.
             The game lasted 00:19:20 (6092 turns).

BarneyGumball the Tainter (Naga Venom Mage)         Turns: 6092, Time: 00:19:21

HP:   0/65 (72)     AC:  6    Str: 10    XL:     8   Next: 38%
MP:   7/11          EV: 10    Int: 19    God:    Gozag
Gold: 198           SH:  0    Dex: 11    Spells: 2/11 levels left

rFire   . . .        f - staff of air
rCold   . . .        (no shield)
rNeg    . . .        a - +0 robe
rPois   +            r - +1 helmet
rElec   +            s - +0 cloak
rCorr   .            (no gloves)
SInv    +            (no barding)
Will    +....        (no amulet)
Stlth   ++           (no ring)
HPRegen 0.30/turn    (no ring)
MPRegen 0.12/turn

%: no passive effects
@: mighty, gold aura, drained, very slow
A: AC +2, large, see invisible, deformed body, poison resistance, slowness 2,
spit poison 1, naga tail 1
a: Spit Poison, Renounce Religion, Potion Petition, Call Merchant, Bribe Branch


You were on level 6 of the Dungeon.
You worshipped Gozag.
Gozag was aware of your devotion.
You visited 2 branches of the dungeon, and saw 7 of its levels.

You collected 305 gold pieces.
You spent 52 gold pieces at shops.
You paid 55 gold pieces to Gozag.

Inventory:

Missiles
 d - 6 poisoned darts
Armour
 a - a +0 robe (worn)
 h - a +0 buckler
 r - a +1 helmet (worn)
 s - a +0 cloak (worn)
Magical Staves
 f - a staff of air (weapon)
Wands
 p - a wand of flame (14)
Scrolls
 c - 2 scrolls of poison
 n - 2 scrolls of enchant armour
 q - 2 scrolls of torment
 t - a scroll of immolation {unknown}
 v - a scroll of silence {unknown}
 w - a scroll of brand weapon {unknown}
Potions
 b - a potion of attraction
 e - a potion of brilliance {unknown}
 g - a potion of curing
 i - a potion of mutation {unknown}
 j - a potion of ambrosia {unknown}
 l - a potion of enlightenment


   Skills:
 - Level 4.0 Fighting
 - Level 3.0 Dodging
 - Level 3.0 Stealth
 + Level 1.5 Shields
 - Level 2.0 Spellcasting
 + Level 0.4 Conjurations
 + Level 0.4 Translocations
 - Level 1.0 Transmutations
 - Level 5.0 Air Magic
 + Level 8.5 Poison Magic


You had 2 spell levels left.
You knew the following spells:

 Your Spells              Type           Power      Damage    Failure   Level
a - Sting                 Tmut/Pois      80%        1d7       2%          1
b - Blink                 Tloc           6%         N/A       22%         2
c - Poisonous Vapours     Pois/Air       82%        N/A       1%          2
d - Olgreb's Toxic Radia  Pois           34%        N/A       4%          4

Your spell library contained the following spells:

 Spells                   Type           Power      Damage    Failure   Level
 Magic Dart               Conj           12%        1d3       14%         1
 Lesser Beckoning         Tloc           6%         N/A       22%         2
 Momentum Strike          Conj/Tloc      6%         3d8       22%         2
 Call Imp                 Summ           2%         N/A       26%         2
 Mephitic Cloud           Conj/Pois/Air  29%        N/A       8%          3
 Volatile Blastmotes      Fire/Tloc      4%         2d10      43%         3
 Frozen Ramparts          Ice            2%         1d1       45%         3
 Iskenderun's Mystic Bla  Conj/Tloc      3%         2d3       80%         4
 Petrify                  Tmut/Erth      3%         N/A       80%         4
 Fulminant Prism          Conj/Hex       1%         3d5       83%         4
 Metabolic Englaciation   Hex/Ice        0%         N/A       99%         5


Dungeon Overview and Level Annotations

Branches:
Dungeon (6/15)             Temple (1/1) D:5

Altars:
Ashenzari
Fedhas
Gozag
Kikubaaqudgha
Makhleb
Nemelex Xobeh
Okawaru
Qazlal
Sif Muna
Trog
Uskayaw
Wu Jian
Yredelemnul

Shops:
D:1 !

Annotations:
D:3 Grinder
D:6 2 runed translucent doors, exclusion: 2 doors


Innate Abilities, Weirdness & Mutations

Your serpentine skin is tough. (AC +2)
You have supernaturally acute eyesight. (SInv)
Armour fits poorly on your strangely shaped body.
Your system is resistant to poisons. (rPois)
You cover ground very slowly.
You can spit poison.
You have a snake-like lower body.


Message History

Confirm with . or Enter, or press ? or * to list all spells.
Aiming: Sting (safe; 2% risk of failure)
Press: ? - help, Shift-Dir - straight line, f/p - wight
Aim: a wight, wielding a +0 battleaxe and wearing a +0 robe (moderately damaged, 74% to hit)
The sting misses the wight.
The wight barely misses you.
You hit the wight but do no damage.
The wight is moderately damaged.
The wight hits you with a +0 battleaxe.
You hit the wight.
The wight is heavily damaged.
The wight barely misses you. The wight hits you with a +0 battleaxe.
You hit the wight but do no damage.
The wight is heavily damaged.
A wight comes into view. It is wielding a +4 battleaxe.
The wight hits you with a +0 battleaxe.
You feel drained.
You feel very mighty all of a sudden. The wight closely misses you.
You hit the wight!
You destroy the wight!
You swing at nothing.
You hit the wight.
The wight is moderately damaged.
The wight closely misses you.
You closely miss the wight.
The wight is moderately damaged.
The wight hits you with a +4 battleaxe! The wight closely misses you.
You barely miss the wight.
The wight is moderately damaged.
The wight hits you with a +4 battleaxe.
You feel drained.
You closely miss the wight.
The wight is moderately damaged.
The wight hits you with a +4 battleaxe!
* * * LOW HITPOINT WARNING * * *
You feel drained.
* * * LOW HITPOINT WARNING * * *
You hit the wight!
The wight is almost destroyed.
The wight hits you with a +4 battleaxe!
You die...
Your body crumbles into a pile of gold.

#..... #.##.. #...
#.##.# #... #.##.. # ...
#.##.##.### ..#
###......... ..# ..
#...##.##.####.# #.
#####.#.z........#.####.
.......@##.##...........
##########.##.##.#).###.
#.##....#..# #.
#.##.......###.
#.##.##.#......
#..........###.
####.####.##... #.##
#.##.## ##...##......


You could see a wight.

Vanquished Creatures
  A water moccasin (D:5)
  A black bear (D:4)
  2 ogres (D:5)
  A gnoll sergeant (D:5)
  3 scorpions
  2 wights (D:6)
  2 hounds
  A sleepcap (D:5)
  3 iguanas
  4 orc wizards
  Terence (D:3)
  3 gnolls (D:5)
  4 adders
  2 white imps
  3 ufetubi
  A worm (D:5)
  3 dart slugs
  9 orcs
  2 endoplasms (D:4)
  6 goblins
  8 hobgoblins
  6 jackals
  6 kobolds
  3 quokkas
  2 ball pythons
  3 bats
  2 frilled lizards (D:2)
  4 rats (D:1)
88 creatures vanquished.

Notes
Turn   | Place    | Note
-------+----------+-------------------------------------------
     0 | D:1      | BarneyGumball the Naga Venom Mage began the quest for the
                  | Orb.
     0 | D:1      | Reached XP level 1. HP: 15/15 MP: 3/3
   171 | D:1      | Found a faded altar of an unknown god.
   190 | D:1      | Reached skill level 1 in Air Magic
   190 | D:1      | Reached XP level 2. HP: 22/22 MP: 1/5
   347 | D:1      | Found Wupnutwu's Distillery.
   355 | D:1      | Bought a potion of curing for 39 gold pieces
   355 | D:1      | Bought a potion of degeneration for 13 gold pieces
   863 | D:2      | Reached XP level 3. HP: 21/28 MP: 0/6
  1013 | D:2      | Reached skill level 5 in Poison Magic
  1056 | D:2      | Learned a level 2 spell: Blink
  1059 | D:2      | Learned a level 2 spell: Poisonous Vapours
  1457 | D:3      | Noticed Terence
  1458 | D:3      | Found a bloodstained altar of Trog.
  1465 | D:3      | Killed Terence
  1466 | D:3      | Reached XP level 4. HP: 36/36 MP: 0/7
  1540 | D:3      | Found a shimmering blue altar of Sif Muna.
  1547 | D:3      | HP: 1/36 [white imp/puff of frost (7)]
  1792 | D:3      | Noticed Grinder
  1927 | D:3      | Found a blossoming altar of Fedhas.
  2117 | D:3      | Found a basalt altar of Yredelemnul.
  2703 | D:4      | Reached skill level 6 in Poison Magic
  2703 | D:4      | Reached XP level 5. HP: 33/42 MP: 0/8
  3013 | D:4      | Noticed a black bear
  3028 | D:4      | Killed a black bear
  3029 | D:4      | Reached skill level 5 in Air Magic
  3029 | D:4      | Reached XP level 6. HP: 48/49 MP: 1/9
  3034 | D:4      | Learned a level 4 spell: Olgreb's Toxic Radiance
  3183 | D:4      | Found a stormy altar of Qazlal.
  3422 | D:4      | Found a broken altar of Ashenzari.
  3949 | D:5      | Entered Level 5 of the Dungeon
  3976 | D:5      | Reached skill level 1 in Fighting
  4033 | D:5      | Reached XP level 7. HP: 57/57 MP: 5/10
  4370 | D:5      | Reached skill level 7 in Poison Magic
  4539 | D:5      | HP: 3/62 [orc/+0 trident (6)]
  4789 | D:5      | Found a staircase to the Ecumenical Temple.
  4798 | Temple   | Entered the Ecumenical Temple
  4806 | Temple   | Became a worshipper of Gozag Ym Sagoz the Greedy
  5012 | D:5      | Found a hide-covered altar of Uskayaw.
  5151 | D:5      | Reached XP level 8. HP: 69/69 MP: 2/11
  5340 | D:5      | Reached skill level 8 in Poison Magic
  5844 | D:6      | Found a large runed translucent door.
  5845 | D:6      | Found a large runed translucent door.
  5938 | D:6      | Reached skill level 1 in Shields
  6092 | D:6      | Slain by a wight

Illustrated notes

Levels and vault maps discovered:
D:1:      amcnicky_arrival_blooded_trapdoor, layout_rooms, serial_shops, shop,
          dreamdust_ecumenical_altar_grove, chequers_serial_rivers_large_a
D:2:      layout_loops_ring, minmay_cut_off
D:3:      layout_loops_corners, nzn_overflow_gifts_of_might_and_magic,
          fedhas_altar_3, lemuel_coloured_pillars_altar, uniq_grinder
D:4:      layout_layer_cave, nicolae_qazlal_scattered_showers,
          evilmike_ruin_ashenzari, grunt_tough_drop
D:5:      layout_gridville, lemuel_tele_altar, lemuel_temple_firewalk_a,
          minmay_curled_crystal
D:6:      layout_loops_cross, slow_altar_2, jmf_multi_god_temple2,
          nrook_loot_triangle
Temple:   nicolae_temple_two_arcs

Skill      XL: |  1  2  3  4  5  6  7  8 |
---------------+-------------------------+-----
Air Magic      | 1 2 3 5 |  5.0
Poison Magic   | 5 6 7 8 |  8.5
Fighting       | 1 3 4 |  4.0
Dodging        | 2 3 |  3.0
Shields        | 1 |  1.5
Stealth        | |  3.0
Spellcasting   | |  2.0
Conjurations   | |  0.4
Translocations | |  0.4
Transmutations | |  1.0

Action                     |  1- 3 |  4- 6 |  7- 9 || total
---------------------------+-------+-------+-------++-------
  Melee: Unarmed           |     1 |       |       ||     1
         Staff             |     4 |    11 |    41 ||    56
   Cast: Sting             |    20 |    53 |    42 ||   115
         Poisonous Vapours |     4 |     8 |     7 ||    19
         Blink             |       |     3 |     4 ||     7
         Olgreb's Toxic Ra |       |       |     6 ||     6
Ability: Spit Poison       |    24 |    24 |    14 ||    62
    Use: Scroll            |       |       |     8 ||     8
         Potion            |       |       |     7 ||     7
 Armour: Robe              |     2 |    34 |    94 ||   130
  Dodge: Dodged            |     6 |    30 |    59 ||    95

Table legend: (Time is in decaauts)
 A = Elapsed time spent in this place.
 B = Non-inter-level travel time spent in this place.
 C = Inter-level travel time spent in this place.
 D = Time resting spent in this place.
 E = Time spent auto-exploring this place.
 F = Levels seen in this place.
 G = Mean time per level.
                   A        B        C        D        E       F      G
               +--------+--------+--------+--------+--------+-----+--------+
         Total |   7625 |   7422 |    203 |    537 |   5998 |   7 | 1089.3 |
       Dungeon |   7603 |   7421 |    182 |    537 |   5998 |   6 | 1267.2 |
        Temple |     22 |      2 |     20 |      0 |      0 |   1 |   22.0 |
               +--------+--------+--------+--------+--------+-----+--------+

Top non-repeatable levels by time:
     D:5: 2123 daAuts
     D:4: 1735 daAuts
     D:3: 1539 daAuts
     D:2: 1023 daAuts
     D:1: 745 daAuts
     D:6: 436 daAuts
  Temple: 22 daAuts
